 Dungeon Sprint DCSS version 0.20.0-4-g10b340a (webtiles) character file.

8 tv1990 the Firebug (level 2, -3/19 HPs)
             Began as a Demonspawn Fire Elementalist on May 27, 2017.
             Was an Initiate of Vehumet.
             Slain by an air elemental (5 damage)
             ... in the Dungeon (Sprint V: "Ziggurat Sprint").
             The game lasted 00:03:18 (107 turns).

tv1990 the Firebug (Demonspawn Fire Elementalist)    Turns: 107, Time: 00:03:19

Health: -3/19      AC:  2    Str:  8    XL:     2   Next: 0%
Magic:  4/7        EV: 12    Int: 28    God:    Vehumet [......]
Gold:   0          SH:  0    Dex: 13    Spells: 6/9 levels left

rFire    . . .     SeeInvis .   (no weapon)
rCold    . . .     Gourm    .   (no shield)
rNeg     . . .     Faith    .   a - +0 robe
rPois    .         Spirit   .   (no helmet)
rElec    .         Reflect  .   (no cloak)
rCorr    .         Harm     .   (no gloves)
MR       .....     NoTele   +   (no boots)
Stlth    ++........             (no amulet)
Regen    0.1/turn               D - +6 ring of intelligence
MPRegen  0.1/turn               C - +6 ring of intelligence

@: no status effects
A: powered by death 1
a: Renounce Religion


You were in the Dungeon.
You worshipped Vehumet.
Vehumet was noncommittal.
You were not hungry.

You visited 1 branch

Inventory:

Armour
 a - a +0 robe (worn)
Jewellery
 C - a +6 ring of intelligence (right hand)
 D - a +6 ring of intelligence (left hand)
Wands
 x - a wand of disintegration (7/24)
 y - a wand of iceblast (5/15)
 z - a wand of lightning (5/15)
 A - a wand of acid (5/15)
Scrolls
 i - 4 scrolls of blinking
 p - 4 scrolls of amnesia
 q - 3 scrolls of recharging
 r - 7 scrolls of fog
 s - a scroll of holy word
 t - 5 scrolls of identify
 u - 5 scrolls of remove curse
 v - 2 scrolls of fear
Potions
 d - 10 potions of curing
 e - 10 potions of heal wounds
 f - 6 potions of haste
 g - 7 potions of magic
 h - 3 potions of berserk rage
 j - 2 potions of brilliance
 k - 2 potions of invisibility
 l - 4 potions of resistance
 n - 5 potions of agility
 o - 5 potions of might
Books
 b - a book of Flames

   Spells                             Type                      Level
   a - Flame Tongue                   Conjuration/Fire             1
   b - Throw Flame                    Conjuration/Fire             2
   c - Conjure Flame                  Conjuration/Fire             3
   d - Inner Flame                    Hexes/Fire                   3
   e - Sticky Flame                   Conjuration/Fire             4
   f - Fireball                       Conjuration/Fire             5
Miscellaneous
 B - a lightning rod (4/4)
Comestibles
 c - 5 bread rations
 w - 4 meat rations


   Skills:
 - Level 1.7 Dodging
 - Level 1.7 Stealth
 + Level 4.3 Spellcasting
 + Level 4.3 Conjurations
 + Level 4.6 Fire Magic


You had 6 spell levels left.
You knew the following spells:

 Your Spells              Type           Power        Failure   Level  Hunger
a - Flame Tongue          Conj/Fire      ####.        1%          1    None
b - Throw Flame           Conj/Fire      ####..       1%          2    None


Dungeon Overview and Level Annotations

Branches:
Dungeon (1/1)

Altars:
Ashenzari
Cheibriados
Dithmenos
Elyvilon
Fedhas
Gozag
Hepliaklqana
Kikubaaqudgha
Makhleb
Nemelex Xobeh
Okawaru
Qazlal
Ru
Sif Muna
Trog
Uskayaw
Vehumet
Xom
Yredelemnul
Zin
The Shining One
Beogh
Jiyva
Lugonu

Annotations:
D 1 transporter


Innate Abilities, Weirdness & Mutations

You regenerate a little health from kills.


Message History

Found a lamp of fire and the ring "Ikieb" {+Fly rC+ Dex+4}.
Found a transporter.
Casting: Flame Tongue
Confirm with . or Enter, or press ? or * to list all spells.
Aiming: Flame Tongue
Press: ? - help, Shift-Dir - straight line, f - air elemental
Aim: an air elemental The flame tongue misses the air elemental.
The air elemental closely misses you. The air elemental hits you!
Ouch! That really hurt!
* * * LOW HITPOINT WARNING * * *
Casting: Flame Tongue
Confirm with . or Enter, or press ? or * to list all spells.
Aiming: Flame Tongue
Press: ? - help, Shift-Dir - straight line, f/p - air elemental
Aim: an air elemental The flame tongue hits the air elemental.
The air elemental is moderately damaged.
The air elemental hits you.
You die...

▓▓▓▓▓▓▓
▓.8©8.▓
▓.....▓
▓.=.}.▓
▓..v..▓
▓..E..▓
▓..@..▓
▓▓▓▓▓▓▓


You could see an air elemental and an insubstantial wisp.

Vanquished Creatures (others)
  2 spatial maelstroms (D)
2 creatures vanquished.

Notes
Turn   | Place    | Note
-------+----------+-------------------------------------------
     0 | D        | tv1990 the Demonspawn Fire Elementalist began the quest for the Orb.
     0 | D        | Reached XP level 1. HP: 13/13 MP: 3/3
     0 | D        | Found a deep blue altar of Sif Muna.
     0 | D        | Found a sacrificial altar of Ru.
     0 | D        | Found a bloodstained altar of Trog.
     0 | D        | Found a stormy altar of Qazlal.
     0 | D        | Found an iron altar of Okawaru.
     0 | D        | Found a sparkling altar of Nemelex Xobeh.
     0 | D        | Found a blossoming altar of Fedhas.
     2 | D        | Found an ancient bone altar of Kikubaaqudgha.
     2 | D        | Found a viscous altar of Jiyva.
     2 | D        | Found a corrupted altar of Lugonu.
     2 | D        | Found a hazy altar of Hepliaklqana.
     2 | D        | Found a burning altar of Makhleb.
     2 | D        | Found an opulent altar of Gozag.
     7 | D        | Banished a spatial maelstrom
    17 | D        | Banished a spatial maelstrom
    81 | D        | Gained mutation: You regenerate a little health from kills. [demonic ancestry]
    81 | D        | Reached XP level 2. HP: 19/19 MP: 4/7
    89 | D        | Became a worshipper of Vehumet
   103 | D        | Learned a level 2 spell: Throw Flame
   105 | D        | Entered arena 2.
   105 | D        | Noticed an air elemental
   105 | D        | Noticed an insubstantial wisp
   107 | D        | Slain by an air elemental

Skill      XL: |  1 |
---------------+----+-----
Spellcasting   | 4 |  4.3
Conjurations   | 4 |  4.3
Fire Magic     | 4 |  4.6
Dodging        | |  1.7
Stealth        | |  1.7

Action                   || total
-------------------------++-------
 Cast: Flame Tongue      ||     2
  Use: Potion            ||     1
Dodge: Dodged            ||     1

Vault maps used:
D:        sprint_v
